 Dungeon Crawl Stone Soup version 0.31-a0-844-gdc52ec4e09 (webtiles) character file.

Game seed: 15291584425871285960

12698 Kurtz the Cleaver (level 11, -3/78 HPs)
             Began as an Octopode Fighter on Sept 30, 2023.
             Was an Initiate of Gozag.
             Slain by Erica
             ... wielding a +0 scimitar of flaming
              (9 damage)
             ... on level 9 of the Dungeon.
             The game lasted 00:21:19 (14365 turns).

Kurtz the Cleaver (Octopode Fighter)               Turns: 14365, Time: 00:21:19

Health: -3/78      AC:  1    Str: 18    XL:     11   Next: 97%
Magic:  11/11      EV: 19    Int: 11    God:    Gozag
Gold:   659        SH:  7    Dex: 25    Spells: 10/10 levels left

rFire   . . .        n - +5 broad axe (flame)
rCold   . . .        b - +0 buckler
rNeg    . . .        (helmet restricted)
rPois   .            (no amulet)
rElec   .            g - +6 ring of dexterity
rCorr   .            u - +6 ring of dexterity
SInv    .            (no ring)
Will    .....        (no ring)
Stlth   +++          (no ring)
HPRegen 0.33/turn    (no ring)
MPRegen 0.12/turn    (no ring)
                     (no ring)

%: no passive effects
@: mighty, brilliant, on berserk cooldown, slowed, very slow
A: almost no armour, amphibious, 8 rings, camouflage 1, gelatinous body 1,
(nimble swimmer 1), tentacles
a: Renounce Religion, Potion Petition, Call Merchant, Bribe Branch


You were on level 9 of the Dungeon.
You worshipped Gozag.
Gozag was pleased with you.
You visited 2 branches of the dungeon, and saw 11 of its levels.
You also visited: Sewer.

You collected 1482 gold pieces.
You paid 823 gold pieces to Gozag.

Inventory:

Hand Weapons
 n - a +5 broad axe of flaming (weapon)
Missiles
 d - 4 javelins
 w - 27 poisoned darts
 F - 13 boomerangs (quivered)
Armour
 b - a +0 buckler (worn)
Jewellery
 g - a +6 ring of dexterity (left tentacle)
 h - a ring of ice
 u - a +6 ring of dexterity (right tentacle)
Wands
 c - a wand of roots (6)
Scrolls
 a - 2 scrolls of poison
 e - a scroll of silence
 f - a scroll of brand weapon {unknown}
 o - a scroll of identify
 p - a scroll of enchant weapon
 q - 2 scrolls of fog
 r - 3 scrolls of blinking
 s - 3 scrolls of teleportation
 v - 5 scrolls of immolation
 x - a scroll of summoning
 y - a scroll of amnesia
 z - a scroll of fear
 B - 2 scrolls of revelation
 C - 2 scrolls of enchant armour {unknown}
 G - a scroll of torment {unknown}
Potions
 i - 3 potions of brilliance
 j - a potion of haste
 k - a potion of invisibility
 l - a potion of attraction
 m - a potion of lignification
 t - a potion of enlightenment {unknown}
 A - a potion of ambrosia
Miscellaneous
 D - a lightning rod (4/4)


   Skills:
 * Level 8.8 Fighting
 * Level 13.7 Axes
 * Level 7.7 Dodging
 - Level 8.0 Shields


You had 10 spell levels left.
You didn't know any spells.
Your spell library contained the following spells:

 Spells                   Type           Power      Damage    Failure   Level
 Slow                     Hex            0%         N/A       38%         1
 Blink                    Tloc           0%         N/A       54%         2
 Lesser Beckoning         Tloc           0%         N/A       54%         2
 Momentum Strike          Conj/Tloc      0%         3d8       54%         2
 Confusing Touch          Hex            0%         N/A       77%         3
 Sigil of Binding         Hex            0%         N/A       77%         3
 Vampiric Draining        Necr           0%         2d6       77%         3
 Vhi's Electric Charge    Tloc/Air       0%         N/A       99%         4
 Arcjolt                  Conj/Air       0%         1d10      100%        5
 Borgnjor's Vile Clutch   Necr/Erth      0%         N/A       100%        5
 Death Channel            Necr           0%         N/A       100%        6
 Maxwell's Capacitive Co  Air            0%         ∞         100%        8
 Animate Dead             Necr           Unusable   N/A       N/A         4

Dungeon Overview and Level Annotations

Branches:
Dungeon (10/15)            Temple (1/1) D:6             Orc (0/2) D:10
  Sewer (visited)
   Lair: D:8-11

Altars:
Ashenzari
Cheibriados
Dithmenos
Elyvilon
Fedhas
Gozag
Hepliaklqana
Kikubaaqudgha
Makhleb
Nemelex Xobeh
Okawaru
Qazlal
Ru
Sif Muna
Trog
Uskayaw
Vehumet
Wu Jian
Xom
Yredelemnul
Zin
The Shining One

Portals:
Abyss: D:4

Annotations:
D:4 2 transporters, hattop's ghost, amateur KoHs
D:7 exclusions: electric eel and 1 more exclusion
D:8 exclusion: downstairs
D:9 Erica


Innate Abilities, Weirdness & Mutations

You cannot wear most types of armour.
You are amphibious.
You can wear up to eight rings at the same time.
Your skin changes colour to match your surroundings (Stealth+).
Your rubbery body absorbs attacks. (AC +1, EV +1)
((You are camouflaged when in or above water. (Stealth+)))
You have tentacles for arms and can constrict up to eight enemies at once.


Message History

You feel yourself slow down.
There is an open door here.
You close the door.
Erica breaks down the door.
Okay, then. [a] - 676 gold - haste, heal wounds, curing and magic [b] - 315 gold - haste and heal wounds [c] - 483 gold - might, brilliance, heal wounds, curing and berserk rage Purchase which effect?
You no longer have enough gold to fund merchants seeking to open stores in the dungeon.
You feel very mighty all of a sudden.
You feel clever all of a sudden.
You feel much better.
You feel better.
A red film seems to cover your vision as you go berserk!
You feel yourself moving faster!
You feel mighty! Erica casts a spell at you. The lance of force hits you!!
You are knocked back by the lance of force.
Erica mumbles some strange words.
Erica flickers and vanishes!
Deactivating autopickup; reactivate with Ctrl-A.
You feel a strong urge to attack something.
There is a stone staircase leading down here.
You see here 3 potions of attraction.
You feel your anger nearly subside. Something hits you. Something burns you.
You are no longer berserk.
You are exhausted.
You feel as though you will be slow longer.
Something hits you! Something burns you. Something closely misses you.
Something hits you! Something burns you. Something barely misses you.
Something hits you!
* * * LOW HITPOINT WARNING * * *
Something burns you!
* * * LOW HITPOINT WARNING * * *
There is a stone staircase leading down, spattered with blood here.
Unknown command.
As you read the scroll of fear, it crumbles to dust.
You assume a fearsome visage.
Nothing appears to happen.
Something hits you!
You die...
Your body crumbles into a pile of gold.

############ #....# #
##'############# #
#..............# ##########
#..............#
.........####..............#
.........'..#..............#
.........##.#..............#
.........##.#<.............#
###########.#...@..........#
.# #.'....!.........# .##
###..............# ..#
#########'###### #.##
#......# #..# ##########'##
##'###### .......@....#
........# ###########.#.###
........#####.'.......#.#...#


There were no monsters in sight!

Vanquished Creatures
  A rakshasa (D:10)
  2 boulder beetles
  A two-headed ogre (D:9)
  Pikel (D:7)
  A deep elf pyromancer (D:10)
  Maggie (D:9)
  Jeremiah (D:7)
  A komodo dragon (D:5)
  A troll (D:9)
  A hornet (D:9)
  2 raiju (D:7)
  Prince Ribbit (D:5)
  Grinder (D:3)
  Sigmund (D:3)
  A wyvern (D:9)
  A wraith (D:10)
  Grum (D:9)
  2 steam dragons
  9 yaks
  2 vampire mosquitoes (D:10)
  Menkaure (D:6)
  A water moccasin (D:8)
  An acid dragon (D:10)
  6 orc warriors
  3 wolves
  2 ogres
  3 centaurs
  A phantom (D:4)
  A lemure (D:7)
  Blork the orc (D:5)
  A gnoll sergeant (D:8)
  A kobold brigand (D:8)
  4 bullfrogs
  2 scorpions
  4 wights (D:7)
  13 killer bees
  3 electric eels (D:7)
  2 howler monkeys
  3 jellies
  4 hounds (D:5)
  2 gnoll boudas
  4 orc priests
  6 iguanas
  11 orc wizards
  Robin (D:4)
  17 gnolls
  15 adders
  A white imp (D:8)
  2 ufetubi
  3 worms
  2 dart slugs
  58 orcs
  6 endoplasms
  11 giant cockroaches
  16 goblins
  6 hobgoblins
  9 jackals
  15 quokkas
  11 ball pythons
  7 bats
  11 frilled lizards
  7 kobolds
  10 rats
320 creatures vanquished.

Vanquished Creatures (collateral kills)
  Harold (D:9)
1 creature vanquished.

Vanquished Creatures (others)
  A yak (D:9)
  A wolf (D:9)
2 creatures vanquished.

Grand Total: 323 creatures vanquished

Notes
Turn   | Place    | Note
-------+----------+-------------------------------------------
     0 | D:1      | Kurtz the Octopode Fighter began the quest for the Orb.
     0 | D:1      | Reached XP level 1. HP: 16/16 MP: 1/1
    55 | D:1      | Reached XP level 2. HP: 13/21 MP: 2/2
   242 | D:1      | Reached skill level 3 in Axes
   295 | D:1      | Reached XP level 3. HP: 23/26 MP: 3/3
   693 | D:2      | Reached skill level 4 in Axes
   901 | D:2      | Reached XP level 4. HP: 31/31 MP: 4/4
  1316 | D:3      | Noticed Grinder
  1327 | D:3      | Paralysed by Grinder for 4 turns
  1332 | D:3      | Killed Grinder
  1333 | D:3      | Reached skill level 6 in Axes
  1333 | D:3      | Reached XP level 5. HP: 10/36 MP: 5/5
  1333 | D:3      | Reached XP level 6. HP: 12/42 MP: 6/6
  1617 | D:3      | Noticed Sigmund
  1743 | D:3      | Killed Sigmund
  1744 | D:3      | Reached skill level 7 in Axes
  1776 | D:3      | Found a hide-covered altar of Uskayaw.
  1804 | D:3      | Reached XP level 7. HP: 44/46 MP: 7/7
  2152 | D:3      | Found a faded altar of an unknown god.
  2379 | D:4      | Found a broken altar of Ashenzari.
  2400 | D:4      | Reached skill level 8 in Axes
  2474 | D:4      | Noticed Robin
  2493 | D:4      | Killed Robin
  2584 | D:4      | Found a glowing drain.
  2606 | Sewer    | Entered a sewer
  3005 | D:4      | Found a transporter.
  3021 | D:4      | Noticed hattop's ghost (amateur KoHs)
  3052 | D:4      | Found a transporter.
  3064 | D:4      | Noticed a small abomination
  3069 | D:4      | Found a sparkling altar of Nemelex Xobeh.
  3072 | D:4      | Reached skill level 9 in Axes
  3072 | D:4      | Reached XP level 8. HP: 20/52 MP: 8/8
  3272 | D:4      | Found a one-way gate to the infinite horrors of the Abyss.
  3297 | D:4      | Found a shadowy altar of Dithmenos.
  3977 | D:5      | Entered Level 5 of the Dungeon
  3987 | D:4      | Reached skill level 10 in Axes
  4360 | D:5      | Noticed Blork the orc
  4374 | D:5      | Killed Blork the orc
  4387 | D:5      | Noticed Prince Ribbit
  4487 | D:5      | Killed Prince Ribbit
  4488 | D:5      | Reached XP level 9. HP: 23/59 MP: 9/9
  5006 | D:5      | Noticed a komodo dragon
  5013 | D:5      | Killed a komodo dragon
  5014 | D:5      | Reached skill level 5 in Fighting
  5014 | D:5      | Reached skill level 5 in Dodging
  5521 | D:6      | Found a staircase to the Ecumenical Temple.
  5538 | Temple   | Entered the Ecumenical Temple
  5543 | Temple   | Became a worshipper of Gozag Ym Sagoz the Greedy
  6022 | D:6      | Noticed Menkaure
  6030 | D:6      | Killed Menkaure
  7321 | D:7      | Noticed Jeremiah
  7359 | D:7      | Found a sacrificial altar of Ru.
  7581 | D:7      | Found a glowing silver altar of Zin.
  7789 | D:7      | Killed Jeremiah
  7790 | D:7      | Reached XP level 10. HP: 26/71 MP: 10/10
  8127 | D:7      | Noticed Pikel
  8140 | D:7      | Killed Pikel
  8141 | D:7      | Reached skill level 5 in Shields
  9720 | D:8      | Found an ornate altar of the Wu Jian Council.
  9864 | D:9      | Noticed Harold
  9871 | D:9      | Killed Harold
  9872 | D:9      | Reached skill level 11 in Axes
  9874 | D:9      | Noticed a two-headed ogre
  9882 | D:9      | Killed a two-headed ogre
 10173 | D:9      | Noticed Maggie
 10409 | D:9      | Identified the +6 rapier "Demonbane" {pain, *Noise rC+++
                  | SInv}
 10531 | D:9      | Killed Maggie
 10532 | D:9      | Reached XP level 11. HP: 13/75 MP: 11/11
 10701 | D:9      | Noticed Grum
 10728 | D:9      | Reached skill level 12 in Axes
 10956 | D:9      | Killed Grum
 11009 | D:9      | Noticed a boulder beetle
 11025 | D:9      | Killed a boulder beetle
 11223 | D:9      | Noticed Erica
 11306 | D:10     | Entered Level 10 of the Dungeon
 11400 | D:10     | Found a staircase to the Orcish Mines.
 11670 | D:10     | Noticed a rakshasa
 11671 | D:10     | Noticed a boulder beetle
 11679 | D:10     | Killed a rakshasa
 11694 | D:10     | Killed a boulder beetle
 11695 | D:10     | Reached skill level 13 in Axes
 12014 | D:10     | Noticed a deep elf pyromancer
 12373 | D:10     | Killed a deep elf pyromancer
 14365 | D:9      | Slain by Erica

Illustrated notes

Levels and vault maps discovered:
D:1:      lemuel_arrival_rhombus, layout_basic, serial_bayou_pond_d,
          nicolae_kite_square_tiling_tiny, reono_crystal_passage,
          minmay_hexomino_f4
D:2:      layout_loops_ring
D:3:      layout_rooms, nicolae_uskayaw_suspiria,
          shapermc_ecumenical_altar_flowoftime, uniq_grinder, uniq_sigmund
D:4:      layout_loops_corners, mainiacjoe_overflow_paths, lemuel_crystal_altar,
          nicolae_overflow_hidden_temple, portal_sewer_entry_f,
          gammafunk_ghost_abyssal_escape, serial_park_tiny_2, uniq_robin
D:5:      layout_gridville, uniq_blork_the_orc, uniq_prince_ribbit1
D:6:      layout_basic, minmay_temple_entry_statues, uniq_menkaure
D:7:      layout_layer_cave, mainiacjoe_overflow_large_starburst,
          nicolae_have_a_lightning_rod, uniq_jeremiah, uniq_pikel
D:8:      layout_cave_pools, nzn_wu_jian_contemplation, nicolae_titane
D:9:      layout_roguey, uniq_maggie, uniq_grum, uniq_harold, uniq_erica
D:10:     layout_loops_ring, hiddenorc2_lemuel, chequers_serial_rivers_small_3
Temple:   minmay_freezing_vapour_temple

Skill      XL: |  1  2  3  4  5  6  7  8  9 10 11 |
---------------+----------------------------------+-----
Axes           | 3 4 6 7 9 10 11 13 | 13.7
Fighting       | 4 7 8 |  8.8
Dodging        | 4 6 7 |  7.7
Shields        | 4 7 8 |  8.0

Action                     |  1- 3 |  4- 6 |  7- 9 | 10-12 || total
---------------------------+-------+-------+-------+-------++-------
  Melee: War axe           |    54 |    48 |   168 |       ||   270
         Constrict         |    11 |    11 |    79 |    45 ||   146
         Tentacles         |     7 |    10 |    69 |    72 ||   158
         Punch             |       |       |     8 |     4 ||    12
         Hand axe          |       |       |   144 |    94 ||   238
         Broad axe         |       |       |       |   150 ||   150
  Throw: Dart              |       |       |     3 |    17 ||    20
         Throwing net      |       |       |     1 |     2 ||     3
         Javelin           |       |       |       |     8 ||     8
         Boomerang         |       |       |       |     1 ||     1
 Invoke: Potion Petition   |       |       |       |     2 ||     2
  Evoke: Wand              |       |       |       |    19 ||    19
    Use: Scroll            |       |       |     9 |    14 ||    23
         Potion            |       |       |     2 |     4 ||     6
   Stab: Sleeping          |     6 |     5 |    15 |     2 ||    28
         Distracted        |       |       |     1 |     2 ||     3
         Invisible         |       |       |       |     5 ||     5
         Paralysed         |       |       |       |     2 ||     2
 Armour: Skin              |    16 |    18 |   101 |   111 ||   246
  Dodge: Dodged            |    22 |    37 |   152 |   147 ||   358
  Block: Buckler           |     5 |     8 |    52 |    65 ||   130

Table legend: (Time is in decaauts)
 A = Elapsed time spent in this place.
 B = Non-inter-level travel time spent in this place.
 C = Inter-level travel time spent in this place.
 D = Time resting spent in this place.
 E = Time spent auto-exploring this place.
 F = Levels seen in this place.
 G = Mean time per level.
                   A        B        C        D        E       F      G
               +--------+--------+--------+--------+--------+-----+--------+
         Total |  14392 |  13570 |    822 |   4558 |   6402 |  12 | 1199.3 |
       Dungeon |  14156 |  13339 |    817 |   4558 |   6293 |  10 | 1415.6 |
        Temple |     10 |      5 |      5 |      0 |      0 |   1 |   10.0 |
         Sewer |    225 |    225 |      0 |      0 |    109 |   1 |  225.0 |
               +--------+--------+--------+--------+--------+-----+--------+

Top non-repeatable levels by time:
     D:7: 3162 daAuts
     D:8: 1879 daAuts
     D:4: 1724 daAuts
     D:5: 1511 daAuts
     D:9: 1284 daAuts
    D:10: 1185 daAuts
     D:3: 987 daAuts
     D:6: 899 daAuts
     D:2: 839 daAuts
     D:1: 682 daAuts
   Sewer: 225 daAuts
  Temple: 10 daAuts
